cohdb
Replays
Latest Replays
All Replays
Popular Replays
Top Player Replays
Match Explorer
How It Works
Community
CoH3 Stats
Reddit
Sign in to upload your games and track your stats! →
Sign in with Steam
Match 43453437
Unlisted
Match 43453437
Overview
Messages
Build Orders
End
Construct Weapon Support Center
Engineer Squad
Selects Advanced Infantry Battlegroup
M1919 Machine Gun Team
Bazooka Squad
Construct Barracks
Riflemen Squad
Selects Artillery Observers
Riflemen Squad
M1 Mortar Team
Air Support Center
M3 Armored Personnel Carrier
Selects Convert to Ranger Squad
M1919 Machine Gun Team
Selects Designate Assault Position
Construct Tank Depot
P-47 Dive Bomb
P-47 Strafing Run
Sponge Bob
Fabius Maximus
Derek Doon
mariopl97
JBQuib
Cpt Darling
0
0
Comments
sign in to comment!
No comments posted yet!